[Event "Early-Titled-Tuesday-Blitz-May-28-2024"]
[Site "Chess.com"]
[Date "2024.05.28"]
[Round "7"]
[White "yobdc"]
[Black "Flawless_Fighter"]
[Result "1/2-1/2"]
[WhiteElo "2527"]
[BlackElo "2687"]
[TimeControl "180+1"]
[EndTime "9:19:46 PDT"]
[Termination "Game drawn by repetition"]

1. e4 c6 2. d4 d5 3. exd5 cxd5 4. Bd3 Nc6 5. c3 Nf6 6. h3 e5 7. dxe5 Nxe5 8. Nf3 Nxd3+ 9. Qxd3 Bd6 10. Qe2+ Qe7 11. Qxe7+ Bxe7 12. Be3 O-O 13. Nbd2 a5 14. a4 Bf5 15.
O-O h6 16. Nd4 Bd3 17. Rfd1 Rfd8 18. N2f3 Be4 19. Nd2 Bd3 20. Nb5 Ne4 21. Nf3 Bc4 22. Bb6 Rdc8 23. Nc7 Rxc7 24. Bxc7 Bc5 25. Nd4 b6 26.
Bf4 Re8 27. Be3 g5 28. b3 Ba6 29. Rac1 Kh7 30. Nf5 Bb7 31. Bxc5 Nxc5 32. Nd6 Re7 33. Nxb7 Rxb7 34. Rxd5 Rc7 35. Rb1 Ne4 36. Re1 Nxc3 37. Rd6 b5 38. axb5 Nxb5 39. Ra6 Nd4 40. Rxa5 Nxb3 41. Rd5 Kg7 42. Kh2 Rc2 43. Re3 Nc5 44. f3 Ne6 45. Red3 Nf4 46. Rd2 Rc1 47. Rd7 Rc6 48.
Ra7 Rf6 49. Ra4 h5 50. Ra5 Kg6 51. Rd8 Ne6 52. Rg8+ Kh7 53. Re8 Kg6 54. Re7 h4 55. Kg1 Nf4 56. Ra8 Kg7 57. Ra5 Kg6 58. Ree5 Ne6 59.
Reb5 Rf4 60. Kh2 Rd4 61. Ra6 Rd2 62. Rbb6 Kg7 63. Rxe6 fxe6 64. Rxe6 Rd5 65. Re4 Kg6 66. Kg1 Rd2 67. Kh2 Kf5 68. Rg4 Rc2 69. Ra4 Rb2 70. Ra5+ Kf4 71. Ra4+ Kf5 72. Kg1 Rb1+ 73. Kf2 Rb2+ 74.
Kf1 Rb1+ 75. Kf2 Rb2+ 76. Kg1 Rb1+ 77. Kh2 Rb2 1/2-1/2

[Event "Early-Titled-Tuesday-Blitz-May-28-2024"]
[Site "Chess.com"]
[Date "2024.05.28"]
[Round "7"]
[White "the_chess_child"]
[Black "AljoschaFeuerstack"]
[Result "1-0"]
[WhiteElo "2894"]
[BlackElo "2652"]
[TimeControl "180+1"]
[EndTime "9:19:47 PDT"]
[Termination "the_chess_child won by resignation"]

1. e4 c6 2. d3 d5 3. Nd2 e5 4. Ngf3 Bd6 5. d4 exd4 6. exd5 Nf6 7. dxc6 Nxc6 8. Be2 O-O 9. Nb3 Bb4+ 10. Bd2 Be7 11. O-O Qb6 12. Bg5 Rd8 13. h3 Be6 14. Re1 a5 15. a4 h6 16. Bxf6 Bxf6 17. Bb5 Nb4 18. Nc1 Rac8 19. Re2 d3 20. Nxd3 Bxb2 21. Rb1 Bc3 22. Qc1 Ba2 23. Rxb4 axb4 24. Qf4 Qf6 25. Qe3 Bd5 26. Nh2 Bd4 27. Qg3 b3 28. Ng4 Qg6 29.
cxb3 Rc3 30. Qh4 Rdc8 31. Nf4 Qf5 32. Nxd5 Qxd5 33. Bc4 Rc1+ 34. Kh2 Qd6+ 35. Qg3 Qxg3+ 36. Kxg3 Rc3+ 37. Kh2 Rc7 38. Re8+ Kh7 39. Re4 Bc5 40.
Ne5 Bd6 41. f4 f6 42. Nf3 Rc2 43. Bd3 R2c6 44. Re8+ g6 45. Re4 f5 46. Rd4 Kg7 47.
g3 Bc5 48. Rd5 Rd6 49. Rxd6 Bxd6 50. Bc4 Re7 51. Nd4 Re3 52. Kg2 Kf6 53. Nb5 Bc5 54. Nc7 Kg7 55. Ne6+ Rxe6 56. Bxe6 Kf6 57. Bc4 b6 58.
Kf3 g5 59. g4 fxg4+ 60. hxg4 Bd6 61. f5 Bc5 62. Ke4 Bg1 63. Bd3 Bc5 64. Kd5 Ke7 65.
Kc6 Be3 66. b4 Kf6 67. a5 bxa5 68. bxa5 h5 69. gxh5 g4 70. h6 g3 71. h7 Kg7 72.
f6+ Kh8 73. f7 Bh6 74. Be4 g2 75. Bxg2 Kxh7 76. Bd5 Kg7 77. a6 Be3 78. Kb7 Kf8 79. a7 Bxa7 80. Kxa7 Ke7 81. Kb7 1-0

[Event "Early-Titled-Tuesday-Blitz-May-28-2024"]
[Site "Chess.com"]
[Date "2024.05.28"]
[Round "7"]
[White "David_ATM"]
[Black "LLRChess"]
[Result "0-1"]
[WhiteElo "2442"]
[BlackElo "2569"]
[TimeControl "180+1"]
[EndTime "9:19:49 PDT"]
[Termination "LLRChess won on time"]

1. e4 e6 2. d4 d5 3. exd5 exd5 4. Bd3 Nc6 5. c3 Bd6 6. Qf3 Nge7 7. Ne2 O-O 8. Bf4 Ng6 9. Bxd6 Qxd6 10. O-O f5 11. g3 Nce7 12. Na3 c6 13. Nc2 f4 14. Qh5 f3 15. Nf4 Nxf4 16. Bxh7+ Kh8 17. gxf4 Qh6 18. Qxh6 gxh6 19. Bd3 Bh3 20. Ne3 Bxf1 21. Kxf1 Rxf4 22. Ke1 Rg8 23. Kd2 Rh4 24. Rh1 Ng6 25. Nf5 Rh5 26.
h4 Rf8 27. Ng3 Rxh4 28. Bxg6 Rxh1 29. Nxh1 Rg8 30. Bh5 Kg7 31. Bxf3 Kf6 32. Ng3 Kg5 33. Be2 Kf4 34. b4 Re8 35. Nh5+ Kg5 36. Ng3 Re7 37. a4 Re8 38. a5 a6 39. Ke1 Kf4 40. Kf1 Rg8 41.
Kg2 Rg5 42. Bh5 Rg8 43. Bf3 Re8 44. Bd1 Re1 45. Bh5 Kg5 46. Bf3 Rc1 47. Ne2 Ra1 48. Ng3 Ra3 49. Ne2 h5 50. Kg3 h4+ 51. Kh3 Ra2 52. Kg2 Rc2 53. Kh3 Rd2 54. Kg2 Rd3 55. Ng1 Rxc3 56. Nh3+ Kf5 57. Ng1 Rc4 58. Ne2 Rxb4 59.
Kh3 Rb3 60. Kxh4 Rxf3 61. Ng3+ Kf4 62. Nh5+ Ke4 63. Ng3+ Kxd4 64. Nh1 c5 65. Kg4 Rf8 66.
f4 c4 67. Kf3 c3 68. Nf2 c2 0-1

[Event "Early-Titled-Tuesday-Blitz-May-28-2024"]
[Site "Chess.com"]
[Date "2024.05.28"]
[Round "7"]
[White "Narek_Ghimoyan"]
[Black "Alexchess1984"]
[Result "1-0"]
[WhiteElo "2440"]
[BlackElo "2595"]
[TimeControl "180+1"]
[EndTime "9:19:49 PDT"]
[Termination "Narek_Ghimoyan won by resignation"]

1. e4 e6 2. d4 d5 3. exd5 exd5 4. Bd3 c5 5. dxc5 Bxc5 6. Nf3 Nf6 7. O-O O-O 8. Nbd2 Nc6 9. Nb3 Bb6 10. h3 Qd6 11. c3 Re8 12. Bg5 h6 13. Bh4 g5 14.
Nxg5 hxg5 15. Bxg5 Ne4 16. Be3 Bf5 17. Qc2 Ne5 18.
Nd4 Bg6 19. Bb5 Re7 20. Qe2 Qf6 21. Rae1 Kh8 22. Qd1 Rg8 23. f4 Nc4 24. Bxc4 dxc4 25. f5 Bh7 26. Qh5 Ng3 27. Qh6 Qxh6 28. Bxh6 Rxe1 29. Rxe1 Nxf5 30. Bf4 f6 31. Kh2 Nxd4 32. cxd4 f5 33. Re7 Rg6 34. d5 Kg8 35. d6 Bc5 36. Re8+ Kf7 37. d7 Bb6 38. d8=Q Bxd8 39. Rxd8 Re6 40.
Bg5 Bg6 41. Rd7+ Ke8 42. Rxb7 Re2 43. Kg3 Rc2 44. Bf6 Bf7 45. Re7+ Kf8 46. Rxa7 Bd5 47. Kf4 Rf2+ 48. Ke5 Bxg2 49. h4 f4 50. Ke6 Bh3+ 51. Ke5 f3 52. Kf4 Rf1 53. Bd4 Be6 54. Bc5+ Kg8 55.
h5 Bf7 56. h6 Rh1 57. Be3 Rxh6 58. Kxf3 Rf6+ 59. Ke4 Re6+ 60. Kd4 Rd6+ 61. Kc5 Rd8 62. Bd4 Rc8+ 63. Kb4 Kf8 64. Kc3 Kg8 65. a4 Re8 66. a5 Rb8 67. Bb6 Re8 68. Rd7 Re2 69. a6 Re1 70. a7 Ra1 71. Rd8+ Kg7 72. a8=Q Rxa8 73. Rxa8 Bd5 74. Ra5 1-0

[Event "Early-Titled-Tuesday-Blitz-May-28-2024"]
[Site "Chess.com"]
[Date "2024.05.28"]
[Round "7"]
[White "IMRosen"]
[Black "LileKoridze"]
[Result "0-1"]
[WhiteElo "2716"]
[BlackElo "2449"]
[TimeControl "180+1"]
[EndTime "9:19:50 PDT"]
[Termination "LileKoridze won by checkmate"]

1. e4 c5 2. Nc3 d6 3. f4 a6 4.
Nf3 Nc6 5. a4 e6 6. Bc4 Nf6 7.
Ba2 Be7 8. O-O O-O 9. d3 Qc7 10. Kh1 Rb8 11. Qe1 b5 12. axb5 axb5 13. Bb1 b4 14. Ne2 Bb7 15. c3 bxc3 16. bxc3 d5 17.
e5 Nd7 18. d4 cxd4 19. cxd4 Ra8 20. Rxa8 Rxa8 21. Qg3 h6 22. f5 exf5 23. Bxh6 Bf8 24.
Bxf5 Ba6 25. Re1 Bxe2 26. Rxe2 Ra1+ 27. Re1 Rxe1+ 28. Nxe1 Nxd4 29. e6 Qxg3 30. hxg3 fxe6 31. Bd3 gxh6 32. Kg1 Bc5 33. Kh2 e5 34. g4 e4 35.
Bb1 Ne5 36. Kg3 Ne2+ 37. Kh4 Bf2+ 38. Kh5 Bxe1 39. Kxh6 d4 40. Bxe4 Nc3 41. Bc2 Bd2+ 42.
g5 Nf7+ 43. Kg6 Nxg5 44. Kf5 Be3 45. g4 Kf8 46. Kf6 Ke8 47. Ke5 Kd7 48. Bd3 Kc6 49. Kf5 Kc5 50. Ke5 Kb4 51. Kf5 Kb3 52. Ke5 Kb2 53. Kf5 Kc1 54. Bc4 Kd2 55. Ke5 Ne2 56. Kf5 Ng3+ 57. Ke5 d3 58. Bxd3 Kxd3 59. Kf6 Bf4 60. Ke7 Ke4 61. Kf6 Kd5 62. Kg6 Ke6 63.
Kg7 N3e4 64. Kg6 Nd6 65. Kh5 Kf6 66. Kh4 Nde4 67. Kh5 Nf2 68. Kh4 Nh1 69. Kh5 Bg3 70. Kh6 Ne6 71. Kh5 Nf4+ 72. Kh6 Bh4 73. Kh7 Ng3 74. Kg8 Ne6 75. Kh7 Bg5 76. Kg8 Ke7 77.
Kh7 Kf7 78. Kh8 Ne4 79. Kh7 Nd6 80. Kh8 Ne8 81. Kh7 Nf8+ 82. Kh8 Bf6# 0-1

[Event "Early-Titled-Tuesday-Blitz-May-28-2024"]
[Site "Chess.com"]
[Date "2024.05.28"]
[Round "7"]
[White "pirulillo"]
[Black "Alphafischer2019"]
[Result "1-0"]
[WhiteElo "2404"]
[BlackElo "2679"]
[TimeControl "180+1"]
[EndTime "9:19:52 PDT"]
[Termination "pirulillo won by checkmate"]

1. e4 c5 2. Nf3 Nc6 3. Bb5 Nf6 4. Nc3 Qc7 5. Bxc6 dxc6 6. d3 Bg4 7. h3 Bh5 8. Be3 e5 9. g4 Bg6 10. Qd2 Nd7 11. Nh4 f6 12. O-O-O O-O-O 13. Ne2 Nb8 14.
Nxg6 hxg6 15. Qc3 b6 16. h4 Bd6 17. Ng3 Nd7 18. Qc4 Nf8 19. h5 Kb7 20. a4 a5 21. hxg6 Nxg6 22. Nf5 Nf4 23. Bxf4 exf4 24. Rxh8 Rxh8 25. Nxd6+ Qxd6 26. Qf7+ Qc7 27. Qc4 f3 28.
Rg1 Rh2 29. Rf1 Rg2 30. Qe6 Qf4+ 31. Kb1 Qxg4 32. Qf7+ Kc8 33. Qg8+ Kc7 34. Rh1 Rxf2 35. Rh8 Rf1+ 36. Ka2 Kd6 37. Qb8+ Ke7 38. Qd8+ Ke6 39. Qc8+ Ke5 40. Qxg4 f2 41. Qf5+ Kd4 42. Rh2 Ke3 43. Qh3+ Ke2 44. Qg4+ Ke3 45. Qxg7 c4 46. Qh6+ Ke2 47.
Qh5+ Ke3 48. Rxf2 Rxf2 49. Qh6+ Kd4 50. Qh3 Rxc2 51. dxc4 Rxc4 52. b3 Rc2+ 53. Ka3 Rc3 54. Qf5 Rc2 55. e5 Rc5 56. Qxf6 Rxe5 57. Qxc6 Re1 58. Qc4+ Ke5 59. Qc3+ Kd6 60. Qxe1 b5 61. axb5 Kc5 62. Qxa5 Kd6 63. b6 Kc6 64. Qa6 Kd6 65. b7+ Kc5 66. Qa7+ Kc6 67. b8=Q Kd5 68. Qb5+ Ke4 69. Qac5 Kf3 70. Qe5 Kf2 71. Qbe2+ Kg1 72.
Qg3+ Kh1 73. Qeh2# 1-0

[Event "Early-Titled-Tuesday-Blitz-May-28-2024"]
[Site "Chess.com"]
[Date "2024.05.28"]
[Round "7"]
[White "lamomiajunior"]
[Black "IndianSchoolOfSuffering"]
[Result "1-0"]
[WhiteElo "2722"]
[BlackElo "2525"]
[TimeControl "180+1"]
[EndTime "9:19:54 PDT"]
[Termination "lamomiajunior won by resignation"]

1. d4 Nf6 2. Nc3 d5 3. Bf4 a6 4. e3 b5 5. h4 Nbd7 6. g4 Nb6 7.
g5 Nfd7 8. Bg2 e6 9. Nf3 Bd6 10. h5 Qe7 11. Bxd6 cxd6 12. e4 dxe4 13. Nxe4 Bb7 14.
Qe2 Rc8 15. O-O-O Nd5 16. Qd2 N7b6 17. b3 b4 18. Rhe1 Nc3 19. Nxc3 Rxc3 20. Re3 Nd5 21.
Rxc3 Nxc3 22. Re1 O-O 23. Kb2 Rc8 24. h6 g6 25. Nh4 Bxg2 26. Nxg2 a5 27. d5 e5 28. f4 e4 29. Qd4 f5 30. gxf6 Qf7 31. Ne3 Rc5 32. f5 Nxd5 33. Nc4 Qxf6 34. Rxe4 gxf5 35. Qxf6 Nxf6 36. Re6 Kf7 37. Rxd6 f4 38. Rd4 Nh5 39. Kc1 Kg6 40. Rd6+ Kg5 41. Kd2 Ng3 42.
Ke1 Nf5 43. Rd7 Kxh6 44. Kf2 Kg5 45. Rxh7 Rd5 46. Rh8 Rd4 47. Rg8+ Kf6 48. Rf8+ Kg5 49. Re8 Ng3 50. Re5+ Kg4 51. Re8 Re4 52. Rg8+ Kh5 53. Rh8+ Kg5 54. Rg8+ Kh4 55. Kf3 Re7 56. Rg4+ Kh5 57. Rxf4 Ne2 58. Re4 Rxe4 59. Kxe4 Nc3+ 60. Kd3 Nxa2 61. Nxa5 Nc3 62. Nc6 Na2 63. Kc4 Kg5 64. Nxb4 Nc1 65. Nd3 Ne2 66. Kd5 Kf6 67. c4 Ke7 68. b4 Kd7 69. b5 Kc7 70. c5 Nc3+ 71. Kc4 Ne4 72. Nb4 Nd2+ 73. Kd5 Nb3 74. Na6+ Kb7 75. Kc4 Nd2+ 76. Kb4 Ne4 77. Ka5 Nc3 78. c6+ Ka7 79. b6+ Ka8 80. b7+ 1-0

[Event "Early-Titled-Tuesday-Blitz-May-28-2024"]
[Site "Chess.com"]
[Date "2024.05.28"]
[Round "7"]
[White "xakevicius91"]
[Black "monomita"]
[Result "1/2-1/2"]
[WhiteElo "2515"]
[BlackElo "2733"]
[TimeControl "180+1"]
[EndTime "9:19:56 PDT"]
[Termination "Game drawn by stalemate"]

1. e4 c5 2. Nf3 Nc6 3. Bc4 e6 4. O-O g5 5. c3 g4 6. Ne1 Nf6 7. d4 cxd4 8. cxd4 Nxe4 9. d5 Ne5 10. Be2 Bc5 11. Nc3 Nxc3 12. bxc3 h5 13. Nd3 Nxd3 14. Qxd3 Qf6 15. Be3 Bxe3 16. fxe3 Qe5 17. e4 d6 18.
Qb5+ Ke7 19. Bd3 a6 20. Qb6 Rf8 21. dxe6 Qc5+ 22. Qxc5 dxc5 23. exf7 Be6 24. a4 Rad8 25. Be2 Rd2 26. Kf2 Bc4 27. Rfe1 Bxe2 28. Rxe2 Rxf7+ 29. Ke3 Rxe2+ 30. Kxe2 Kd6 31. Rb1 c4 32. Ke3 Kc5 33.
a5 Rd7 34. Kf4 Rd2 35. e5 Rxg2 36. Rxb7 Rxh2 37. e6 Re2 38. Rh7 Rxe6 39. Rxh5+ Kc6 40. Kxg4 Re3 41. Kf4 Rxc3 42. Ke4 Rd3 43. Rg5 Rd7 44. Rh5 Rd1 45. Rg5 Rd2 46. Rh5 c3 47. Rh3 c2 48.
Rc3+ Kb5 49. Ke3 Rd8 50. Rxc2 Kxa5 51. Rb2 Ka4 52. Rb7 a5 53. Ke2 Ka3 54. Ke3 a4 55.
Ke2 Ka2 56. Rb4 a3 57. Rb7 Rd5 58. Ke3 Rd1 59. Ke2 Rb1 60. Ra7 Kb2 61. Kd2 Rh1 62.
Rb7+ Ka2 63. Kc2 Rh7 64. Rxh7 Ka1 65. Rb7 Ka2 66. Kc1 Ka1 67. Rb1+ Ka2 68. Rb6 Ka1 69. Kc2 a2 70. Ra6 1/2-1/2

[Event "Early-Titled-Tuesday-Blitz-May-28-2024"]
[Site "Chess.com"]
[Date "2024.05.28"]
[Round "7"]
[White "PeshkaCh"]
[Black "Malev212"]
[Result "0-1"]
[WhiteElo "2854"]
[BlackElo "2651"]
[TimeControl "180+1"]
[EndTime "9:20:00 PDT"]
[Termination "Malev212 won by checkmate"]

1. Nf3 c5 2. c4 Nc6 3. Nc3 g6 4. g3 Bg7 5. Bg2 d6 6. O-O Bg4 7. h3 Bxf3 8. Bxf3 e6 9. b3 Nge7 10. Bb2 O-O 11. e3 a6 12. Bg2 b5 13. cxb5 axb5 14.
Qc2 Rb8 15. Ne4 e5 16. Rac1 f5 17. Nc3 Nb4 18. Qb1 e4 19. a4 bxa4 20. bxa4 Nd3 21. Qa2+ Kh8 22. Rb1 d5 23. Ba1 Nb4 24. Qa3 Nec6 25.
Nb5 Qe7 26. Bxg7+ Qxg7 27. Rbc1 c4 28. Nc3 g5 29. Kh1 f4 30. exf4 gxf4 31. gxf4 Rxf4 32. Ne2 Rh4 33. Qg3 Qh6 34. Nd4 Rg8 35. Nf5 Rxg3 36.
Nxh6 Rgxh3+ 37. Bxh3 Rxh3+ 38. Kg2 Rxh6 39. Rb1 Rg6+ 40.
Kh2 Nd3 41. Rb7 d4 42. Rc7 c3 43. dxc3 dxc3 44. Rd7 c2 45. a5 Nxa5 46. Re7 c1=Q 47. Rxc1 Nxc1 48. Rxe4 Nd3 49. f4 Nc6 50. f5 Rf6 51.
Re8+ Kg7 52. Re3 Nde5 53. Rg3+ Kf7 54. Rg5 h6 55. Rh5 Ne7 56. Rh3 Nxf5 57. Ra3 Kg6 58. Kh3 Nf7 59. Kg4 h5+ 60. Kf4 N5d6+ 61. Kg3 Ng5 62. Ra4 Rf3+ 63. Kg2 Rd3 64. Ra5 Nge4 65. Re5 h4 66. Kh2 Ng5 67. Kg2 Kh5 68. Re6 Nde4 69. Re5 Kg4 70. Kf1 Rd2 71. Ke1 Ra2 72. Rd5 h3 73.
Kd1 h2 74. Kc1 h1=Q+ 75. Rd1 Ra1+ 76. Kb2 Rxd1 77. Ka2 Qg2+ 78. Kb3 Qd2 79. Kc4 Rc1+ 80.
Kb5 Qb2+ 81. Ka6 Ra1# 0-1

[Event "Early-Titled-Tuesday-Blitz-May-28-2024"]
[Site "Chess.com"]
[Date "2024.05.28"]
[Round "7"]
[White "Bob_2004"]
[Black "CarlosjPineror"]
[Result "0-1"]
[WhiteElo "2531"]
[BlackElo "2753"]
[TimeControl "180+1"]
[EndTime "9:20:04 PDT"]
[Termination "CarlosjPineror won by checkmate"]

1. d4 Nf6 2. c4 d6 3. Nc3 e5 4. Nf3 e4 5. Nd2 Bf5 6. Qc2 Qe7 7. b3 c6 8. Bb2 g6 9. e3 Bg7 10. O-O-O Nbd7 11. h3 h5 12. Be2 h4 13. Kb1 O-O 14. g4 hxg3 15. fxg3 g5 16. g4 Bg6 17. h4 gxh4 18. g5 Nh7 19. Rxh4 Qxg5 20. Rdh1 Qxe3 21. Ndxe4 Ng5 22. Bd3 Rae8 23. Bc1 Qxd4 24. Bxg5 Rxe4 25. Bxe4 Qxc3 26. Qxc3 Bxc3 27. Be7 Re8 28. Bxg6 Rxe7 29. Bf5 Nc5 30. Rg1+ Kf8 31. Kc2 Bf6 32. Rh2 Re3 33. Rf1 Ke7 34. Bg4 Rc3+ 35. Kd1 Rg3 36. Re2+ Ne6 37. Ref2 Rxg4 38. Rxf6 Rg7 39. R6f2 Nd8 40. Re2+ Kd7 41. Ref2 Rg3 42. Rf3 Rg2 43. R1f2 Rg5 44.
Kd2 Ra5 45. Kc3 Rg5 46. Rf5 Rg6 47. R5f3 a5 48. Rf6 Rg3+ 49. R6f3 Rg8 50. Rf5 Re8 51. Rxa5 c5 52. Ra8 Re3+ 53. Kd2 Rh3 54. Kc2 Kc7 55.
Kb2 Rh8 56. a4 Rf8 57. a5 f5 58. Kc3 f4 59. Kd3 Rf7 60. Rf3 Ne6 61. Rh8 Nd4 62. Rf2 Nxb3 63. a6 bxa6 64. Ke4 Na5 65. Kd5 Rf5+ 66. Ke4 Re5+ 67. Kxf4 Nxc4 68. Ra8 Kb7 69. Rd8 a5 70. Rc2 Ne3 71. Re2 Nd5+ 72. Kf3 Rxe2 73. Kxe2 Kc7 74. Ra8 a4 75. Kd3 Nb6 76.
Ra7+ Kc6 77. Rh7 d5 78. Kc2 Kb5 79. Rh8 d4 80. Rb8 c4 81. Kb2 Kc5 82. Ka3 d3 83. Rd8 Nd5 84. Kb2 Kd4 85. Kc1 c3 86. Kd1 Kc4 87. Rc8+ Kb3 88. Rd8 Nb4 89. Kc1 a3 90. Kb1 a2+ 91. Ka1 Nc2# 0-1

[Event "Early-Titled-Tuesday-Blitz-May-28-2024"]
[Site "Chess.com"]
[Date "2024.05.28"]
[Round "7"]
[White "MatthewG-p4p"]
[Black "Thjop"]
[Result "0-1"]
[WhiteElo "2873"]
[BlackElo "2647"]
[TimeControl "180+1"]
[EndTime "9:20:09 PDT"]
[Termination "Thjop won by resignation"]

1. e4 e6 2. d4 d5 3. e5 c5 4. c3 Qb6 5. Nf3 Bd7 6. Be2 cxd4 7. cxd4 Bb5 8. Nc3 Bb4 9. O-O Bxc3 10. bxc3 Bxe2 11. Qxe2 Qa6 12. Qe3 h6 13. Qf4 Ne7 14. Qg4 Rg8 15. a4 Nbc6 16. Ba3 Nf5 17. Qh5 Rc8 18. Kh1 Qd3 19. Rac1 b6 20. Rfd1 Qe2 21. c4 Ncxd4 22. Re1 Qd3 23. cxd5 Rxc1 24. Bxc1 g6 25. Qg4 Nxf3 26. gxf3 Qxd5 27. Ba3 Kd7 28. Kg1 Rc8 29.
f4 Rc4 30. Rd1 Rd4 31. Rc1 Qe4 32. Bb2 Qxf4 33. Qxf4 Rxf4 34. Rd1+ Kc7 35. Rc1+ Kb7 36. Rd1 Kc6 37. Rc1+ Kd5 38. Rc7 Nh4 39. Kf1 Rxa4 40. Rd7+ Ke4 41. Ke2 Kf5 42. Rxf7+ Ke4 43. Bc1 Nf5 44.
Rc7 Kxe5 45. f4+ Kf6 46. Rh7 h5 47. Kd3 Rd4+ 48. Kc2 b5 49. Bb2 b4 50. Bxd4+ Nxd4+ 51.
Kd3 Nc6 52. Rc7 Ne7 53. Rxa7 Nd5 54. Ke4 Nc3+ 55. Kf3 Nd5 56. Rb7 Kf5 57. Rf7+ Nf6 58. h4 e5 59. fxe5 Kxe5 60. Rb7 Nd5 61. Rb8 Kd4 62. Ke2 Ke4 63. Rg8 Kf5 64. Rf8+ Kg4 65. Rg8 Kxh4 66. Kf3 g5 67. Rd8 g4+ 68. Kf2 Nc3 69. Rb8 Nd5 70. Rb5 Nf4 71. Ke3 Kg3 72.
Rxb4 Ng2+ 73. Ke2 Nh4 74. Kf1 Nf3 75. Ke2 h4 76. Kf1 h3 77. Rb8 h2 78. Rh8 Ng5 79.
Ke2 Nh3 80. Ra8 h1=Q 81. Ra3+ Kh4 82. Kd2 Qg2+ 83. Kc1 Qf1+ 84. Kb2 Qf2+ 85. Kb3 Qf3+ 86. Ka2 Qxa3+ 87. Kb1 g3 0-1

[Event "Early-Titled-Tuesday-Blitz-May-28-2024"]
[Site "Chess.com"]
[Date "2024.05.28"]
[Round "7"]
[White "jbking07"]
[Black "abelmat"]
[Result "1-0"]
[WhiteElo "2380"]
[BlackElo "2067"]
[TimeControl "180+1"]
[EndTime "9:20:12 PDT"]
[Termination "jbking07 won by checkmate"]

1. e4 e6 2. d4 d5 3. Nc3 dxe4 4.
Nxe4 Nd7 5. Nf3 Ngf6 6. Bd3 Nxe4 7. Bxe4 Nf6 8. Bd3 Be7 9. c3 O-O 10. O-O b6 11. Ne5 Bb7 12. Bc2 Rc8 13. Bg5 c5 14.
dxc5 Rxc5 15. Re1 Rd5 16. Qe2 h6 17. Bxf6 Bxf6 18. Nf3 Qc7 19. Qe4 g6 20. Qe3 Kg7 21. Rad1 Rh5 22. h3 Rd8 23. Rxd8 Qxd8 24. Rd1 Rd5 25.
Rxd5 Qxd5 26. a3 Qa2 27. Qc1 Qd5 28. Bd1 Qe4 29. Bc2 Qe2 30. Bd1 Qb5 31. Qd2 Bd5 32.
Be2 Qc6 33. Ne1 Bg5 34. f4 Bh4 35. Bf3 Qc5+ 36. Kh2 Bb3 37. Nd3 Qd6 38. Qe3 Bf6 39.
g3 Bc4 40. Nf2 Bb3 41. Ne4 Qe7 42. Nxf6 Qxf6 43. Kg2 h5 44. Qe5 Bc4 45. Bc6 Bb3 46.
Bb5 Bc2 47. Kf2 Bb1 48. h4 Bf5 49. Ke3 Bb1 50. Kd4 Bc2 51. c4 Bb3 52. c5 bxc5+ 53. Kxc5 Bd5 54. Bc6 Bb3 55. Kb5 Bc2 56. Ka6 Bd3+ 57.
Kxa7 Be2 58. Kb6 Bd3 59. a4 Bc2 60. a5 g5 61. Qxf6+ Kxf6 62. hxg5+ Ke7 63. a6 Kd6 64. a7 Be4 65. Bxe4 f5 66. gxf6 e5 67. fxe5+ Ke6 68. f7 h4 69. gxh4 Kxe5 70. f8=Q Kd4 71. Qf4 Kc4 72.
Bd3+ Kb3 73. Qc4+ Kxb2 74. Qc2+ Ka3 75. a8=Q+ Kb4 76. Qaa4# 1-0

[Event "Early-Titled-Tuesday-Blitz-May-28-2024"]
[Site "Chess.com"]
[Date "2024.05.28"]
[Round "7"]
[White "Casper"]
[Black "luggevoila"]
[Result "1/2-1/2"]
[WhiteElo "2485"]
[BlackElo "2340"]
[TimeControl "180+1"]
[EndTime "9:20:19 PDT"]
[Termination "Game drawn by stalemate"]

1. e4 d6 2. f3 g6 3. h4 h5 4. d4 Bg7 5. c3 c5 6. dxc5 Qc7 7. cxd6 exd6 8. Bf4 Qb6 9. Qd2 Nc6 10. Na3 Ne5 11. O-O-O Be6 12. Be3 Qa5 13. Qxd6 Ne7 14. Bc5 N5c6 15.
Nb5 O-O 16. a3 Rfd8 17. Qf4 Rxd1+ 18. Kxd1 Rd8+ 19. Ke1 a6 20. Bxe7 Nxe7 21. Qc7 Qxc7 22.
Nxc7 Bb3 23. Ne2 Rd1+ 24. Kf2 Rb1 25. Nf4 Rxb2+ 26. Ke3 Bxc3 27. Bd3 Ba5 28. Nfd5 Bd2+ 29. Kd4 Nc6+ 30. Kc5 Bh6 31. Rb1 Bf8+ 32. Kb6 Rxb1 33.
Bxb1 Bxa3 34. Kxb7 Nd4 35. Kxa6 Bc4+ 36. Ka5 Bf1 37.
Ka4 Bc1 38. Ba2 Bxg2 39. Nf6+ Kg7 40. Nfe8+ Kf8 41. Nf6 Bxf3 42. e5 Bf4 43. Kb4 Nc6+ 44. Kc5 Nxe5 45. Ncd5 Nd3+ 46. Kd4 Nf2 47. Nxf4 Ng4 48.
Nd7+ Kg7 49. Ne5 Nxe5 50. Kxe5 f6+ 51. Kd4 g5 52. hxg5 fxg5 53. Nh3 g4 54. Ng1 Bg2 55. Ke5 h4 56. Kf4 h3 57. Kg3 Kg6 58. Be6 Kg5 59. Bd7 Bf1 60. Bc8 Be2 61. Nxe2 Kf6 62. Bxg4 Ke5 63. Bxh3 Kd5 64. Kf2 Kc4 65. Ke3 Kb5 66.
Kd4 Kc6 67. Bf5 Kb7 68. Nc3 Kc7 69. Kd5 Kd8 70. Ke6 Ke8 71. Bh7 Kf8 72. Nd5 Kg7 73.
Bd3 Kh6 74. Kf6 Kh5 75. Ne3 Kh6 76. Bc2 Kh5 77. Bh7 Kh6 78. Bg8 Kh5 79. Nf5 Kg4 80. Ke5 Kf3 81. Bc4 Kf2 82. Kd4 Ke1 83. Bb3 Kd2 84. Ne3 Kc1 85. Kc3 Kb1 86. Nc4 Ka1 87.
Na3 1/2-1/2

[Event "Early-Titled-Tuesday-Blitz-May-28-2024"]
[Site "Chess.com"]
[Date "2024.05.28"]
[Round "7"]
[White "JoliyRoger"]
[Black "ManMish2"]
[Result "0-1"]
[WhiteElo "2445"]
[BlackElo "2682"]
[TimeControl "180+1"]
[EndTime "9:20:31 PDT"]
[Termination "ManMish2 won by checkmate"]

1. d4 d5 2. c4 e6 3. Nc3 Be7 4. Nf3 Nf6 5. e3 O-O 6. b3 c5 7. cxd5 cxd4 8. Nxd4 Nxd5 9. Nxd5 Qxd5 10. Bd2 e5 11.
Qf3 Qd8 12. Nf5 Nc6 13. Bb5 Bf6 14. Rd1 Qb6 15. Bc4 Be6 16. Nd6 Rad8 17. Ne4 Be7 18. Bxe6 fxe6 19. Qh3 Nb4 20. O-O Nd5 21. Bc1 Rc8 22.
Bb2 Bf6 23. g4 Qb4 24. Qg2 Rc2 25. Ba1 Nxe3 26. Qh3 Nxd1 27. Nxf6+ Rxf6 28. Rxd1 Rfxf2 29. Bxe5 Rg2+ 30. Kh1 Rgf2 31. Qd3 Rc8 32. Bg3 Rff8 33. Qe3 Qb6 34. Qe4 Qc6 35. Qxc6 Rxc6 36. h3 h6 37. Be5 Rf7 38. Rd8+ Kh7 39. Rd2 a5 40. Kg2 Rc1 41. Bg3 Rb1 42. Re2 Rf6 43. Be1 b6 44. Bc3 b5 45. Bxf6 gxf6 46. Kf3 Kg6 47. Ke4 e5 48. Kd5 Rd1+ 49. Kc5 b4 50. Kb5 Rd5+ 51. Kb6 Kg5 52. Kc6 Rd4 53. Kb6 Kh4 54.
Kxa5 Kxh3 55. Rf2 Rf4 56. Re2 Kxg4 57. a4 Kf5 58. Kb6 Rd4 59. Rf2+ Ke6 60. Kc7 e4 61. a5 Rd7+ 62. Kc6 f5 63. a6 Rd6+ 64. Kb7 Rd7+ 65. Kc6 e3 66. Rh2 Rd6+ 67. Kb7 Ke5 68. a7 Rd7+ 69. Kb6 Rxa7 70. Kxa7 f4 71. Rxh6 f3 72. Rh5+ Kd4 73. Rh4+ Kd3 74. Rxb4 f2 75. Rb8 e2 76. Rd8+ Kc3 77. b4 e1=Q 78. b5 Qa1+ 79. Kb6 f1=Q 80. Rc8+ Kb3 81. Rc6 Qf2+ 82. Kb7 Qaa7+ 83.
Kc8 Qf8# 0-1

[Event "Early-Titled-Tuesday-Blitz-May-28-2024"]
[Site "Chess.com"]
[Date "2024.05.28"]
[Round "7"]
[White "JeFumeDesClopes"]
[Black "Ramosha"]
[Result "1/2-1/2"]
[WhiteElo "2704"]
[BlackElo "2565"]
[TimeControl "180+1"]
[EndTime "9:20:34 PDT"]
[Termination "Game drawn - insufficient material"]

1. Nf3 Nf6 2. g3 e6 3. Bg2 d5 4. O-O Be7 5. d3 O-O 6. Bf4 c5 7. a4 Nc6 8. e4 dxe4 9. dxe4 Qxd1 10. Rxd1 Nxe4 11. Ne5 Nxe5 12. Bxe5 Nf6 13. Na3 Nd7 14. Bxb7 Nxe5 15. Bxa8 Ba6 16. Bg2 g5 17. Nb5 Rb8 18. b3 Bxb5 19. axb5 Rxb5 20. Rxa7 Bf6 21. h3 Rb4 22.
Rb7 Kg7 23. c3 Rxb7 24. Bxb7 Ng6 25. b4 cxb4 26. cxb4 Bc3 27. b5 Ne5 28. Kf1 f5 29. Ke2 Kf6 30. Bg2 Ba5 31. Rd6 Nc4 32. Ra6 Bb6 33.
Ke1 Bd4 34. Rc6 Nb6 35. Ke2 h5 36. f4 g4 37. hxg4 hxg4 38. Rd6 Bc5 39. Rd8 Ke7 40. Rh8 Na4 41. Bc6 Nc3+ 42. Kd3 Na4 43. Ra8 Nb6 44. Ra7+ Kd6 45. Ke2 Bg1 46. Rh7 Bc5 47. Rh6 Bd4 48. Be8 Ke7 49. Bg6 Na4 50. Bh5 Bb6 51. Rh7+ Kd6 52. Bf7 Nc3+ 53. Kd3 Nxb5 54.
Bxe6 Bf2 55. Bxf5 Bxg3 56. Ke3 Nc3 57. Rh6+ Kc5 58. Bxg4 Nd5+ 59. Ke4 Nxf4 60. Rh8 Kd6 61. Kf3 Ng6 62. Rh6 Be5 63. Rxg6+ Kc5 64. Ke4 Bb2 65.
Bf5 Ba1 66. Re6 Bc3 67. Re8 Bb2 68. Rd8 Bf6 69. Rd7 Kc6 70. Rd1 Kc5 71. Rc1+ Kd6 72. Bg4 Bb2 73. Rc2 Bh8 74. Bf3 Bg7 75. Kf5 Bh8 76.
Rc6+ Kd7 77. Ra6 Bd4 78. Bd5 Kc7 79. Ke6 Bh8 80. Rc6+ Kb7 81. Kd7 Ka7 82. Bc4 Be5 83. Rc5 Bd4 84. Rd5 Bf2 85. Kc6 Bh4 86. Ra5+ Kb8 87.
Bd5 Bd8 88. Ra6 Bh4 89. Ra2 Bg3 90. Kb6 Bc7+ 91. Kb5 Kc8 92. Kc6 Kb8 93. Ra8+ Kxa8 1/2-1/2